 Dungeon Crawl Stone Soup version 0.29-a0-648-g6b26cc9f40 (webtiles) character file.

Game seed: 12676024937813087099

139 Armakuni the Ducker (level 5, -2/38 HPs)
             Began as a Meteoran Wanderer on June 20, 2022.
             Slain by Pargi (3 damage)
             ... in a sewer.
             The game lasted 00:06:34 (1837 turns).

Armakuni the Ducker (Meteoran Wanderer)             Turns: 1837, Time: 00:06:35

Health: -2/38      AC:  5    Str: 13    XL:     5   Next: 75%
Magic:  2/12       EV: 13    Int: 17    God:
Gold:   138        SH:  0    Dex: 12    Spells: 8/12 levels left

rFire   . . .      SeeInvis .   a - +0 mace
rCold   . . .      Faith    .   (no shield)
rNeg    . . .      Spirit   .   e - +0 leather armour
rPois   .          Reflect  .   (no helmet)
rElec   .          Harm     .   (no cloak)
rCorr   .          Rampage  .   (no gloves)
Will    .....                   k - +1 pair of boots
Stlth   +.........              (no amulet)
HPRegen 0.12/turn               (no ring)
MPRegen 0.13/turn               (no ring)

@: very slightly contaminated, glowing, very slow
A: sense surroundings 1, otherworldly, glowing, explore regen
a: no special abilities


You were in a sewer.
You visited 1 branch of the dungeon, and saw 5 of its levels.
You also visited: Sewer.

You collected 138 gold pieces.

Inventory:

Hand Weapons
 a - a +0 mace (weapon)
Missiles
 b - 3 throwing nets
Armour
 e - a +0 leather armour (worn)
 i - a +0 leather armour
 k - a +1 pair of boots (worn)
Scrolls
 g - a scroll of immolation
 j - a scroll of identify
 n - a scroll of fog {unknown}
 o - a scroll of magic mapping {unknown}
 p - a scroll of teleportation
Potions
 d - a potion of lignification
 f - a potion of mutation {unknown}
 h - 3 potions of curing
 l - 3 potions of resistance
 m - a potion of might
 q - 2 potions of magic {unknown}
Miscellaneous
 x - a piece from Xom's chessboard (12/15)


   Skills:
 - Level 6.0 Dodging
 + Level 4.2 Spellcasting
 + Level 4.8 Earth Magic
 - Level 2.4 Evocations


You had 8 spell levels left.
You knew the following spells:

 Your Spells              Type           Power      Damage    Failure   Level
a - Stone Arrow           Conj/Erth      22%        3d8       22%         3
z - Sandblast             Erth           40%        2d10      2%          1

Your spell library contained the following spells:

 Spells                   Type           Power      Damage    Failure   Level


Dungeon Overview and Level Annotations

Branches:
Dungeon (5/15) Zot: 1146    Sewer (1/1) Zot: 466
 Temple: D:4-7

Altars:

Annotations:
D:5 Prince Ribbit Sewer Pargi


Innate Abilities, Weirdness & Mutations

You passively map a small area around you.
You are easily found by Zot.
You glow in the dark.
You regain HP and MP as you explore.


Message History

The frilled lizard completely misses you.
Aiming: Sandblast (safe; 2% risk of failure)
Press: ? - help, Q - select action, (/) - cycle Shift-Dir - straight line, f/p - Pargi
Aim: Pargi (heavily wounded, fast, 76% to hit)
The blast of sand hits Pargi.
Pargi is severely wounded.
Pargi bites you. Pargi claws you but does no damage. Pargi closely misses you.
Pargi bites you!
* * * LOW HITPOINT WARNING * * *
Pargi claws you but does no damage. Pargi barely misses you.
The frilled lizard closely misses you. The frilled lizard bites you.
* * * LOW HITPOINT WARNING * * *
Pargi bites you.
* * * LOW HITPOINT WARNING * * *
Pargi closely misses you. Pargi claws you but does no damage.
The frilled lizard bites you.
* * * LOW HITPOINT WARNING * * *
The frilled lizard barely misses you.
Aiming: Sandblast (safe; 2% risk of failure)
Press: ? - help, Q - select action, (/) - cycle Shift-Dir - straight line, f/p - Pargi
Aim: Pargi (heavily wounded, fast, 76% to hit)
The blast of sand hits Pargi.
Pargi is severely wounded.
Pargi barely misses you. Pargi claws you but does no damage. x2
Pargi bites you.
* * * LOW HITPOINT WARNING * * *
Pargi barely misses you. x2
The frilled lizard completely misses you.
The frilled lizard barely misses you. Pargi closely misses you.
Pargi claws you.
* * * LOW HITPOINT WARNING * * *
Pargi closely misses you.
The frilled lizard completely misses you.
The frilled lizard closely misses you.
Aiming: Sandblast (safe; 2% risk of failure)
Press: ? - help, Q - select action, (/) - cycle Shift-Dir - straight line, f/p - Pargi
Aim: Pargi (severely wounded, fast, 76% to hit)
The blast of sand misses Pargi.
Pargi closely misses you. Pargi claws you.
You die...

≈ ##≈≈≈≈≈≈≈≈≈≈
##≈≈≈≈≈≈≈≈≈≈≈ ≈ ≈
#≈≈≈≈≈≈≈≈≈≈≈≈
####≈≈≈≈≈≈≈≈≈≈≈.
#≈≈≈≈≈≈≈≈≈≈≈≈≈.. * ≈
#≈≈≈≈≈≈≈≈≈≈.≈#
#≈≈≈≈≈≈≈ll≈.#
≈≈≈≈≈≈≈≈@T#
≈≈≈≈≈≈≈≈≈###
≈≈≈≈≈≈≈≈†.#
*≈≈≈≈≈≈≈≈..# #####
#≈≈≈≈≈≈≈.#######...#
#≈≈≈≈≈≈≈≈.≈≈.≈≈≈≈∩.#
#
#≈≈≈≈≈≈≈≈#######...#
## ≈≈≈≈≈≈≈≈.# #####
#. ≈≈≈≈≈≈≈≈## ##


You could see Pargi (fast) and 2 frilled lizards.

Vanquished Creatures
  A jelly (D:4)
  6 adders
  3 worms
  2 endoplasms (D:1)
  2 giant cockroaches (D:3)
  4 goblins
  A hobgoblin (D:2)
  4 jackals (D:3)
  4 kobolds
  3 quokkas
  4 ball pythons
  3 bats
  10 frilled lizards
  5 rats
  A spectral kobold (D:1)
53 creatures vanquished.

Notes
Turn   | Place    | Note
-------+----------+-------------------------------------------
     0 | D:1      | Armakuni the Meteoran Wanderer began the quest for the Orb.
     0 | D:1      | Armakuni set off with the following items: a +0 club, 3
                  | throwing nets, a piece from Xom's chessboard (15/15), a
                  | potion of lignification, a +0 leather armour; and the
                  | following spell memorised: Sandblast; and the following
                  | spells available to memorise: Stone Arrow.
     0 | D:1      | Reached XP level 1. HP: 14/14 MP: 3/3
   148 | D:1      | Reached XP level 2. HP: 20/20 MP: 2/5
   482 | D:1      | Glimpsed the power of Zot.
   530 | D:1      | Glimpsed the power of Zot.
   545 | D:1      | Reached XP level 3. HP: 25/26 MP: 5/7
   799 | D:1      | Found a faded altar of an unknown god.
  1059 | D:1      | Glimpsed the power of Zot.
  1152 | D:2      | Learned a level 3 spell: Stone Arrow
  1175 | D:2      | Reached XP level 4. HP: 25/33 MP: 5/9
  1460 | D:4      | Reached XP level 5. HP: 20/38 MP: 7/11
  1504 | D:5      | Entered Level 5 of the Dungeon
  1504 | D:5      | Noticed Prince Ribbit
  1504 | D:5      | Noticed a black bear
  1735 | D:3      | Found a glowing drain.
  1741 | Sewer    | Entered a sewer
  1820 | Sewer    | Noticed Pargi
  1836 | Sewer    | HP: 1/38 [Pargi (1)]
  1837 | Sewer    | Slain by Pargi

Illustrated notes

Levels and vault maps discovered:
D:1:      matt_arrival_spirals, layout_basic,
          dreamdust_ecumenical_altar_drowned_temple
D:2:      layout_basic, basic_altar, fountainhead, kennysheep_small_spiral,
          hangedman_decor_points, uniq_terence
D:3:      layout_basic, mainiacjoe_overflow_tiny_flanked,
          gup_sewer_entry_spiral, serial_shops,
          nicolae_shop_bloodbath_and_beyond, kennysheep_crisscross
D:4:      layout_loops_ring, corner_web_ring
D:5:      layout_basic, minitemple, minmay_temple_entry_large_hall,
          minmay_misc_feat_enclosed, uniq_crazy_yiuf_cottage, uniq_sigmund,
          uniq_pikel, uniq_prince_ribbit1
Sewer:    sewer_co_pargi_island

Skill      XL: |  1  2  3  4  5 |
---------------+----------------+-----
Earth Magic    | 3 4 |  4.8
Spellcasting   | 2 3 4 |  4.2
Dodging        | |  6.0
Evocations     | |  2.4

Action                   |  1- 3 |  4- 6 || total
-------------------------+-------+-------++-------
Melee: Club              |     2 |       ||     2
       Mace              |       |     1 ||     1
 Cast: Sandblast         |    39 |    61 ||   100
Evoke: Piece from Xom's  |       |     3 ||     3
  Use: Scroll            |       |     6 ||     6
Armor: Leather armour    |    15 |    44 ||    59
Dodge: Dodged            |    24 |    63 ||    87

Table legend: (Time is in decaauts)
 A = Elapsed time spent in this place.
 B = Non-inter-level travel time spent in this place.
 C = Inter-level travel time spent in this place.
 D = Time resting spent in this place.
 E = Time spent auto-exploring this place.
 F = Levels seen in this place.
 G = Mean time per level.
                   A        B        C        D        E       F      G
               +--------+--------+--------+--------+--------+-----+--------+
         Total |   1985 |   1930 |     55 |    400 |    773 |   6 |  330.8 |
       Dungeon |   1853 |   1798 |     55 |    388 |    773 |   5 |  370.6 |
         Sewer |    131 |    131 |      0 |     12 |      0 |   1 |  131.0 |
               +--------+--------+--------+--------+--------+-----+--------+

Top non-repeatable levels by time:
     D:1: 1174 daAuts
     D:2: 318 daAuts
     D:3: 318 daAuts
   Sewer: 131 daAuts
     D:4: 39 daAuts
     D:5: 1 daAuts
